Map: New Gettysburg LE

Players

BEHTOKHMAM

  • Race: Terran Terran
  • League: Gold
  • Spawn Location: 5:00

Fropez - Winner!

  • Race: Protoss Protoss
  • League: Gold
  • Spawn Location: 7:00

VOD

Have the link to the VOD?

Description

Time

  • Played on: Oct. 4, 2016, 5:56 p.m.
  • Length: 5:23
Show
View Real Time Build Order
Export as new Build Order

BEHTOKHMAM Terran 

Build Orders: Command Center First (CC) 

Get SALT Encoding   

  12  0:04  SCV  
  13  0:16  SCV  
  14  0:25  Supply Depot  
  14  0:29  SCV  
  15  0:47  SCV  
  16  1:00  Command Center  
  16  1:03  SCV  
  17  1:15  SCV  
  18  1:27  SCV  
  18  1:31  Barracks  
  19  1:37  Supply Depot  
  19  1:39  SCV  
  20  1:51  SCV  
  21  2:03  SCV  
  21  2:06  Refinery  
  21  2:08  Refinery  
  22  2:13  SCV  
  23  2:15  SCV  
  24  2:25  SCV  
  24  2:27  Barracks  
  24  2:28  SCV  
  26  2:37  Marine, SCV  
  26  2:42  Bunker  
  28  2:49  SCV  
  29  2:54  SCV, Engineering Bay  
  30  3:01  SCV  
  31  3:11  Barracks Tech Lab  
  31  3:13  Barracks Reactor, SCV  
  31  3:17  Barracks  
  32  3:25  SCV  
  33  3:27  Factory  
  33  3:32  Refinery  
  33  3:34  Refinery  
  33  3:37  Combat Shields  
  33  3:38  SCV  
  34  3:45  Marine  
  34  3:50  SCV  
  33  3:56  Marine  
  33  4:02  SCV  
  35  4:03  Marine  
  35  4:14  SCV  
  35  4:15  Marine x3  
  38  4:20  Marine  
  36  4:26  SCV  
  35  4:33  Marine x2  
  35  4:38  SCV  
  36  4:50  SCV  
  35  4:55  Marine x3  
  35  4:56  Marine  
  38  5:02  SCV  
Show
View Real Time Build Order
Export as new Build Order

Fropez Protoss - Winner!

Build Orders: Mass Adepts 

Get SALT Encoding   

  12  0:01  Probe (Chrono Boost)  
  13  0:12  Probe (Chrono Boost)  
  14  0:22  Pylon  
  14  0:23  Probe (Chrono Boost)  
  15  0:40  Probe (Chrono Boost), Gateway  
  16  0:50  Probe (Chrono Boost)  
  16  0:53  Assimilator  
  17  1:01  Probe (Chrono Boost)  
  18  1:10  Assimilator  
  18  1:11  Probe (Chrono Boost)  
  19  1:24  Probe (Chrono Boost)  
  20  1:30  Cybernetics Core  
  20  1:35  Probe (Chrono Boost)  
  21  1:45  Probe (Chrono Boost)  
  22  1:56  Probe (Chrono Boost)  
  22  2:06  Probe (Chrono Boost)  
  22  2:08  Gateway x2  
  23  2:13  Pylon  
  23  2:28  Warp Gate (Chrono Boost)  
  23  2:31  Adept  
  23  2:32  Mothership Core  
  23  2:36  Pylon  
  27  2:52  Twilight Council  
  27  2:53  Probe  
  28  2:59  Adept  
  28  3:00  Adept  
  28  3:04  Adept  
  28  3:05  Probe  
  35  3:19  Probe  
  36  3:24  Pylon  
  36  3:28  Resonating Glaives (Chrono Boost)  
  36  3:34  Adept  
  38  3:42  Adept x2  
  38  3:47  Pylon  
  42  3:49  Probe  
  39  4:28  Adept x3  
  41  4:59  Pylon  
  39  5:21  Nexus  
Tags
 
Add a new tag
Caveats
  • Supply blocks, unpowered buildings, or Contaminate may cause inaccurate times.
  • Supply counts are checked every 10 seconds.